 Dungeon Crawl Stone Soup version 0.20-a0-32-gb8e7c72 (webtiles) character file.

2453 KristoblXynda the Covert (level 9, -10/74 HPs)
             Began as a Naga Enchanter on Nov 9, 2016.
             Was a Follower of Cheibriados.
             Mangled by a centaur
             ... wielding a +0 battleaxe
              (15 damage)
             ... on level 7 of the Dungeon.
             The game lasted 00:17:24 (10391 turns).

KristoblXynda the Covert (Naga Enchanter)          Turns: 10391, Time: 00:17:25

Health: -10/74     AC:  5    Str: 12    XL:     9   Next: 50%
Magic:  5/16       EV: 10    Int: 21    God:    Cheibriados [*.....]
Gold:   376        SH:  0    Dex: 14    Spells: 2 memorised, 13 levels left

rFire  . . .     SeeInvis +     g - +2 dagger (venom)
rCold  . . .     Gourm    .     x - +1 robe of the Ancient Seas {Slay+3}
rNeg   + . .     Faith    .     (no shield)
rPois  +         Spirit   .     (no helmet)
rElec  .         Reflect  .     (no cloak)
rCorr  .         Harm     .     (no gloves)
MR     +++..                    (no barding)
Stlth  +++++.....               (no amulet)
                                h - ring of positive energy
                                o - ring of protection from magic

@: very slow
A: stinger 1, see invisible, deformed body, magic resistance 1, poison
resistance, robust 1, slowness 2, slow metabolism 1, spit poison 1, AC +3
a: Spit Poison, Bend Time, Renounce Religion


You were on level 7 of the Dungeon.
You worshipped Cheibriados.
Cheibriados was aware of your devotion.
You were hungry.

You visited 2 branches of the dungeon, and saw 8 of its levels.

You collected 376 gold pieces.

Inventory:

Hand Weapons
 g - a +2 dagger of venom (weapon)
 i - a +3 trident
Armour
 b - a +2 robe
 x - the +1 robe of the Ancient Seas (worn) {Slay+3}
   (You found it on level 5 of the Dungeon)

   It affects your accuracy and damage with ranged weapons and melee attacks
   (+3).
 y - a +0 shield
Jewellery
 f - an uncursed ring of flight
 h - a ring of positive energy (right hand)
 o - a ring of protection from magic (left hand)
Scrolls
 e - a scroll of immolation
 k - a scroll of magic mapping
 n - a scroll of remove curse
 p - 3 scrolls of amnesia
 t - a scroll of teleportation
 u - 2 scrolls of identify
 w - a scroll of blinking {unknown}
 A - a scroll of recharging
Potions
 a - a potion of magic {unknown}
 l - a potion of cancellation {unknown}
 q - 4 potions of flight
 r - a potion of degeneration {unknown}
 s - a potion of ambrosia {unknown}
 v - a potion of cure mutation {unknown}
Books
 c - a book of Maledictions

   Spells                             Type                      Level
   a - Corona                         Hexes                        1
   b - Ensorcelled Hibernation        Hexes/Ice                    2
   c - Confuse                        Hexes                        3
   d - Tukima's Dance                 Hexes                        3
   e - Dazzling Spray                 Conjuration/Hexes            3
Comestibles
 d - 8 bread rations
 m - 2 beef jerkies
 z - a meat ration


   Skills:
 - Level 3.0 Short Blades
 + Level 1.5 Dodging
 + Level 11.3 Stealth
 - Level 5.2 Spellcasting
 - Level 7.0 Hexes
 + Level 4.0 Invocations
 + Level 3.9 Evocations


You had 13 spell levels left.
You knew the following spells:

 Your Spells              Type           Power        Failure   Level  Hunger
b - Ensorcelled Hibernat  Hex/Ice        ###...       4%          2    None
c - Confuse               Hex            ####....     1%          3    ##.....


Dungeon Overview and Level Annotations

Branches:
Dungeon (7/15)             Temple (1/1) D:5

Altars:
Ashenzari
Cheibriados
Dithmenos
Elyvilon
Gozag
Hepliaklqana
Kikubaaqudgha
Nemelex Xobeh
Okawaru
Qazlal
Ru
Sif Muna
Trog
Xom
Yredelemnul
Zin
The Shining One

Shops:
D:4 [


Innate Abilities, Weirdness & Mutations

You cannot wear boots.
Your serpentine skin is tough. (AC +3)
You have supernaturally acute eyesight. (SInv)
Armour fits poorly on your strangely shaped body.
Your system is resistant to poisons. (rPois)
You cover ground very slowly.
You have a slow metabolism.
You can spit poison.
Your tail ends in a poisonous barb.
You are resistant to hostile enchantments. (MR+)
You are robust. (+10% HP)


Message History

The arrow completely misses you.
The centaur shoots an arrow.
The arrow hits you.
* * * LOW HITPOINT WARNING * * *
You see here 2 arrows.
You have got your breath back.
The centaur unwields an uncursed shortbow.
The centaur wields an uncursed battleaxe.
The centaur barely misses you.
You barely miss the centaur.
Okay, then.
Casting: Confuse
Confirm with . or Enter, or press ? or * to list all spells.
Aiming: Confuse
Press: ? - help, Shift-Dir - straight line, f - centaur, p - phantom
Aim: a centaur, wielding a battleaxe (chance to defeat MR: 62%)
The centaur resists with significant effort.
The centaur hits you with an uncursed battleaxe!!
* * * LOW HITPOINT WARNING * * *
The centaur hits you with an uncursed battleaxe!
You die...

##.....##.##)# #.#
..###.#..##.##.# #.#
#............)# #.#
.###.#.######.# #.# ##.#.#
#.###.## ##....######.##.#.# #.
## ##............###..# #.#.#
##.W.c...######.###.#
#....####....@....####...##.##
#............(.....(.......)).
#.....####.(.(.....####...##.##
#..#.. ##.......## ##.###)## #.
##. ##(.(..## #....... #.
##...## #.###.## #. ##'## #.#
#.# #. #.# #.###.# #.
######.####### #.....#


You could see a phantom (confused) and a centaur.

Vanquished Creatures
  The ghost of anet the Sneak, a novice HEWz of Ashenzari (D:4)
  An orc warrior (D:6)
  5 sky beasts
  A phantom (D:7)
  2 centaurs
  An ogre (D:5)
  A big kobold (D:7)
  A bullfrog (D:5)
  2 scorpions
  The ghost of namnharef the Chopper, a weakling HOBe of Trog (D:3)
  A jelly (D:7)
  A howler monkey (D:6)
  4 crimson imps
  A bullfrog zombie (D:6)
  4 hounds
  2 centaur skeletons
  3 orc priests
  3 orc wizards
  Ijyb (D:2)
  Natasha (thrice) (D:2)
  5 worker ants
  A howler monkey skeleton (D:5)
  10 adders
  A shadow imp (D:7)
  2 oozes
  2 adder skeletons (D:4)
  3 worms
  2 dart slugs
  2 leopard geckos
  17 orcs
  2 giant cockroaches
  10 goblins
  5 hobgoblins
  5 jackals
  2 quokkas
  11 bats
  8 frilled lizards
  6 kobolds
  2 leopard gecko skeletons
  6 rats
141 creatures vanquished.

Vanquished Creatures (others)
  A quokka (D:2)
1 creature vanquished.

Grand Total: 142 creatures vanquished

Notes
Turn   | Place    | Note
-------+----------+-------------------------------------------
     0 | D:1      | KristoblXynda the Naga Enchanter began the quest for the Orb.
     0 | D:1      | Reached XP level 1. HP: 15/15 MP: 3/3
   709 | D:1      | Reached XP level 2. HP: 8/22 MP: 5/5
  1036 | D:1      | Reached skill level 5 in Stealth
  1196 | D:1      | Learned a level 2 spell: Ensorcelled Hibernation
  1774 | D:1      | Reached XP level 3. HP: 25/28 MP: 6/6
  2179 | D:2      | Noticed Natasha
  2190 | D:2      | Killed Natasha
  2190 | D:2      | Reached XP level 4. HP: 19/36 MP: 2/7
  2196 | D:2      | Learned a level 3 spell: Confuse
  2276 | D:2      | Found a white marble altar of Elyvilon.
  2351 | D:2      | Reached skill level 6 in Stealth
  2515 | D:2      | Noticed Ijyb
  2542 | D:2      | Killed Ijyb
  2797 | D:2      | Found a sparkling altar of Nemelex Xobeh.
  3168 | D:2      | Reached XP level 5. HP: 25/42 MP: 1/9
  3326 | D:2      | Noticed Natasha
  3332 | D:2      | Killed Natasha
  3733 | D:2      | Noticed Natasha
  3752 | D:2      | Killed Natasha
  4001 | D:3      | Found a faded altar of an unknown god.
  4001 | D:3      | Found a faded altar of an unknown god.
  4007 | D:3      | Found a faded altar of an unknown god.
  4009 | D:3      | Found a faded altar of an unknown god.
  4010 | D:3      | Found an iron altar of Okawaru.
  4158 | D:3      | Found a shadowy altar of Dithmenos.
  4569 | D:3      | Noticed namnharef's ghost (weakling HOBe)
  4615 | D:3      | HP: 2/42 [namnharef's ghost (11)]
  4633 | D:3      | Killed namnharef's ghost
  4633 | D:3      | Reached skill level 7 in Stealth
  4633 | D:3      | Reached XP level 6. HP: 8/49 MP: 0/11
  5519 | D:4      | Noticed anet's ghost (novice HEWz)
  5585 | D:4      | Reached skill level 5 in Hexes
  5618 | D:4      | Killed anet's ghost
  5618 | D:4      | Reached skill level 8 in Stealth
  5618 | D:4      | Reached XP level 7. HP: 15/55 MP: 0/13
  6219 | D:4      | Found Jatz's Antique Armour Shoppe.
  6603 | D:5      | Entered Level 5 of the Dungeon
  6681 | D:5      | Reached skill level 9 in Stealth
  6799 | D:5      | Reached XP level 8. HP: 29/62 MP: 9/15
  6999 | D:5      | Reached skill level 5 in Spellcasting
  7125 | D:5      | Got an opalescent robe
  7136 | D:5      | Identified the cursed +1 robe of the Ancient Seas {Slay+3} (You found it on level 5 of the Dungeon)
  7140 | D:5      | Gained mutation: You are robust. (+10% HP) [potion of mutation]
  7140 | D:5      | Gained mutation: Your tail ends in a poisonous barb. [potion of mutation]
  7140 | D:5      | Gained mutation: You are resistant to hostile enchantments. (MR+) [potion of mutation]
  7251 | D:5      | Found a staircase to the Ecumenical Temple.
  7261 | Temple   | Entered the Ecumenical Temple
  7317 | Temple   | Became a worshipper of Cheibriados the Contemplative
  7524 | D:6      | Reached skill level 1 in Evocations
  7558 | D:6      | Reached skill level 10 in Stealth
  7558 | D:6      | Reached skill level 1 in Invocations
  8529 | D:6      | Found a glowing golden altar of the Shining One.
  8842 | D:7      | Reached XP level 9. HP: 46/74 MP: 16/16
  9305 | D:7      | Reached * piety under Cheibriados
  9614 | D:7      | Reached skill level 11 in Stealth
  9674 | D:7      | Found a shadowy altar of Dithmenos.
 10015 | D:7      | HP: 2/74 [kobold/whip (4)]
 10391 | D:7      | Mangled by a centaur

Vault maps used:
D:1:      lightli_iron_boxes
D:2:      elyvilon_altar_4, nemelex_xobeh_ov_fountains_minmay, uniq_iyjb,
          uniq_natasha
D:3:      lemuel_coloured_pillars_altar, chequers_temple_overflow_minitemple
D:4:      serial_shops, kennysheep_mini
D:5:      first_bread, hangedman_decor_opposing, minivault_11
D:6:      nicolae_tso_swordbearing_angel
D:7:      basic_altar
Temple:   dshaligram_water_room_temple

Skill      XL: |  1  2  3  4  5  6  7  8  9 |
---------------+----------------------------+-----
Stealth        | 5 6 7 8 9 10 11 | 11.3
Hexes          | 4 5 7 |  7.0
Spellcasting   | 3 4 5 |  5.2
Evocations     | 2 3 |  3.9
Invocations    | 2 4 |  4.0
Short Blades   | 3 |  3.0
Dodging        | |  1.5

Action                   |  1- 3 |  4- 6 |  7- 9 || total
-------------------------+-------+-------+-------++-------
Melee: Dagger            |    99 |   231 |   215 ||   545
       Tailslap          |       |       |     9 ||     9
 Cast: Ensorcelled Hiber |     7 |    22 |    22 ||    51
       Confuse           |       |     9 |    17 ||    26
 Abil: Spit Poison       |     1 |    13 |     9 ||    23
  Use: Scroll            |       |    14 |     6 ||    20
       Potion            |       |     8 |     4 ||    12
 Stab: Sleeping          |     8 |    21 |    14 ||    43
       Confused          |       |     3 |     3 ||     6
       Distracted        |       |     1 |     1 ||     2
  Eat: Chunk             |     1 |     1 |     5 ||     7
       Beef jerky        |     1 |     1 |       ||     2
       Meat ration       |       |     2 |       ||     2
       Fruit             |       |     2 |     4 ||     6
       Pizza             |       |     1 |     1 ||     2
Armor: Robe              |    18 |    51 |    69 ||   138
       Skin              |       |     2 |     4 ||     6
Dodge: Dodged            |    51 |   119 |   131 ||   301
